 Dungeon Sprint DCSS version 0.31.0-32-g396128a36d (webtiles) character file.

Game seed: 13211720959549840417

9979 Groucho the Geomancer (level 11, -3/56 HPs)
             Began as a Spriggan Earth Elementalist on Mar 14, 2024.
             Was the Champion of Sif Muna.
             Incinerated by a deep elf pyromancer (16 damage)
             ... with a pyre arrow
             ... in the Dungeon (Sprint VII: "The Pits") on Mar 15, 2024.
             The game lasted 00:22:32 (6956 turns).

Groucho the Geomancer (Spriggan Earth Elementalist) Turns: 6956, Time: 00:22:33

Health: -3/56      AC:  6    Str:  4    XL:     11   Next: 30%
Magic:  11/28      EV: 19    Int: 22    God:    Sif Muna [******]
Gold:   0          SH:  0    Dex: 18    Spells: 15/34 levels left

rFire   . . .        n - +2 dagger (drain)
rCold   . . .        (no shield)
rNeg    . . .        a - +0 robe
rPois   .            (helmet restricted)
rElec   .            v - +0 cloak
rCorr   .            (gloves unavailable)
SInv    +            (boots unavailable)
Will    +....        (no amulet)
Stlth   ++           o - +3 ring of protection
HPRegen 0.29/turn    p - +3 ring of dexterity
MPRegen 0.21/turn

%: no teleportation
@: on fire, glowing, very quick
A: very small, no large weapons, unfitting armour, see invisible, speed 3
a: Renounce Religion, Channel Magic, Forget Spell, Divine Exegesis


You were in the Dungeon.
You worshipped Sif Muna.
Sif Muna was exalted by your worship.
You visited 1 branch

Inventory:

Hand Weapons
 h - a +2 dagger
 n - a +2 dagger of draining (weapon)
 u - a +2 rapier of electrocution
Missiles
 m - 10 stones
Armour
 a - a +0 robe (worn)
 v - a +0 cloak (worn)
Jewellery
 o - a +3 ring of protection (left hand)
 p - a +3 ring of dexterity (right hand)
Scrolls
 j - 2 scrolls of vulnerability
 k - 5 scrolls of amnesia
 l - a scroll of butterflies
Potions
 b - 4 potions of magic
 c - 3 potions of curing
 e - 3 potions of haste
 f - 4 potions of berserk rage
 i - 2 potions of invisibility
 q - a potion of brilliance
 r - a potion of might
 s - a potion of resistance
 t - a potion of mutation


   Skills:
 + Level 5.5 Fighting
 + Level 5.9 Short Blades
 + Level 1.9 Armour
 + Level 4.7 Dodging
 + Level 8.4 Stealth
 + Level 12.0 Spellcasting
 * Level 10.8 Conjurations
 + Level 7.6 Necromancy
 * Level 13.0 Earth Magic
 + Level 8.9 Alchemy
 + Level 9.3 Invocations


You had 15 spell levels left.
You knew the following spells:

 Your Spells              Type           Power      Damage    Failure   Level
a - Sandblast             Erth           100%       2d20      1%          1
b - Stone Arrow           Conj/Erth      100%       3d13      1%          3
c - Petrify               Alch/Erth      57%        N/A       1%          4
d - Bombard               Conj/Erth      30%        9d5       5%          6
e - Irradiate             Conj/Alch      27%        3d20      2%          5

Your spell library contained the following spells:

 Spells                   Type           Power      Damage    Failure   Level
 Magic Dart               Conj           100%       1d8       1%          1
 Necrotise                Necr           100%       1d9       1%          1
 Searing Ray              Conj           100%       2d8       1%          2
 Dazzling Flash           Conj/Hex       74%        N/A       1%          3
 Hailstorm                Conj/Ice       37%        3d9       1%          3
 Mephitic Cloud           Conj/Alch/Air  42%        N/A       1%          3
 Passwall                 Erth           63%        N/A       1%          3
 Brom's Barrelling Bould  Conj/Erth      60%        2d8       1%          4
 Fulminant Prism          Conj/Alch      27%        3d14      1%          4
 Leda's Liquefaction      Alch/Erth      28%        N/A       1%          4
 Alistair's Intoxication  Alch           34%        N/A       3%          5
 Flame Wave               Conj/Fire      37%        2d10      5%          4
 Lesser Beckoning         Tloc           26%        N/A       8%          2
 Sticky Flame             Fire/Alch      32%        2d7       8%          4
 Anguish                  Hex/Necr       15%        N/A       10%         4
 Martyr's Knell           Necr/Summ      30%        N/A       10%         4
 Frozen Ramparts          Ice            26%        1d4       14%         3
 Volatile Blastmotes      Fire/Tloc      26%        2d12      14%         3
 Eringya's Noxious Bog    Alch           25%        4d6       19%         6
 Airstrike                Air            6%         2d(1-17)  43%         4
 Manifold Assault         Tloc           13%        N/A       43%         4
 Vhi's Electric Charge    Tloc/Air       26%        N/A       43%         4
 Orb of Destruction       Conj           28%        9d9       45%         7
 Conjure Ball Lightning   Conj/Air       18%        3x3d6     63%         6
 Summon Forest            Summ/Tloc      6%         N/A       80%         5
 Spellforged Servitor     Conj/Summ      18%        N/A       99%         7
 Dispersal                Tloc           6%         N/A       100%        6
 Plasma Beam              Fire/Air       6%         2x1d17    100%        6


Dungeon Overview and Level Annotations

Branches:
Dungeon (1/1)

Altars:
Ashenzari
Cheibriados
Dithmenos
Elyvilon
Fedhas
Gozag
Hepliaklqana
Kikubaaqudgha
Makhleb
Nemelex Xobeh
Okawaru
Qazlal
Ru
Sif Muna
Trog
Uskayaw
Vehumet
Wu Jian
Xom
Yredelemnul
Zin
The Shining One
Jiyva
Lugonu


Innate Abilities, Weirdness & Mutations

You are very small and have problems with some larger weapons.
You are too small for most types of armour.
You have supernaturally acute eyesight. (SInv)
You cover ground extremely quickly. (Speed+++)


Message History

The stone arrow hits the deep elf pyromancer!!
The deep elf pyromancer is heavily wounded.
The liquid fire burns you!
The deep elf pyromancer points at you and mumbles some strange words.
The pyre arrow hits you.
You are even more covered in intense liquid fire!
Unknown command.
Aiming: Stone Arrow (safe; 1% risk of failure)
Press: ? - help, Q - select action, (/) - cycle Shift-Dir - straight line, f/p - deep elf pyromancer
Aim: a deep elf pyromancer, wielding a +0 dagger of electrocution and wearing a +0 chain mail (heavily wounded, 75% to hit)
The stone arrow hits the deep elf pyromancer!!
The deep elf pyromancer is almost dead.
The liquid fire burns you!
The deep elf pyromancer casts a spell at you.
The bolt of fire hits you!
Unknown command.
Unknown command.
Aiming: Stone Arrow (safe; 1% risk of failure)
Press: ? - help, Q - select action, (/) - cycle Shift-Dir - straight line, f/p - deep elf pyromancer
Aim: a deep elf pyromancer, wielding a +0 dagger of electrocution and wearing a +0 chain mail (almost dead, 75% to hit)
The stone arrow hits the deep elf pyromancer!!
You kill the deep elf pyromancer!
Sif Muna accepts your kill. The liquid fire burns you!
Your Spellcasting skill increases to level 12!
Your Earth Magic skill increases to level 13!
Unknown command.
Unknown command.
You shake off some of the fire as you move.
The liquid fire burns you!
* * * LOW HITPOINT WARNING * * *
You shake off some of the fire as you move.
The liquid fire burns you!
* * * LOW HITPOINT WARNING * * *
You shake off some of the fire as you move.
The liquid fire burns you!
* * * LOW HITPOINT WARNING * * *
You feel better. The liquid fire burns you!
You die...

'##..###...'.##.........#
......##...#..###.....#
'###)..##'##...###...###
...##..#...#...#.......#
....'..'...'...'.......#
...##..#...#...#.......#
'###...##'##...###...###
......##...#..###.....##
'##.÷###...'.##.@.......#
C.##..##...###...........#
k. ##.÷'...# #.).........+
### ######## #############


There were no monsters in sight!

Vanquished Creatures
  A merfolk avatar (D)
  2 sea snakes (D)
  A deep troll (D)
  A flayed ghost (D)
  A harpy (shapeshifter) (D)
  A deep elf pyromancer (D)
  2 lindwurms (D)
  A phantasmal warrior (D)
  An orc knight (D)
  A cyclops (D)
  An orange demon (D)
  An efreet (D)
  An ice devil (D)
  A rime drake (D)
  A hellwing (D)
  2 tarantellas (D)
  3 blink frogs (D)
  A ynoxinul (D)
  2 jumping spiders (D)
  A wyvern (D)
  3 redbacks (D)
  A water moccasin (D)
  An ice beast (D)
  A black bear (D)
  2 orc warriors (D)
  A small abomination (D)
  2 ogres (D)
  2 centaurs (D)
  A phantom (D)
  A scorpion (D)
  A jelly (D)
  A hound (D)
  2 river rats (D)
  2 adders (D)
  2 white imps (D)
  An ufetubus (D)
  An adder skeleton (D)
  A dart slug (D)
  2 orcs (D)
  2 ball pythons (D)
  3 bats (D)
  An endoplasm (D)
  2 giant cockroaches (D)
  8 jackals (D)
  A ball python zombie (D)
  2 frilled lizards (D)
73 creatures vanquished.

Notes
Turn   | Place    | Note
-------+----------+-------------------------------------------
     0 | D        | Groucho the Spriggan Earth Elementalist began the quest for
                  | the Orb.
     0 | D        | Reached XP level 1. HP: 9/9 MP: 5/5
     8 | D        | Noticed a scorpion
    61 | D        | Found a bloodstained altar of Trog.
    61 | D        | Found a shimmering blue altar of Sif Muna.
    61 | D        | Found a viscous altar of Jiyva.
    61 | D        | Found a hazy altar of Hepliaklqana.
    61 | D        | Found an opulent altar of Gozag.
    62 | D        | Found a glowing golden altar of the Shining One.
    62 | D        | Found a glowing silver altar of Zin.
    62 | D        | Found a basalt altar of Yredelemnul.
    62 | D        | Found a shimmering altar of Xom.
    62 | D        | Found an ornate altar of the Wu Jian Council.
    62 | D        | Found a sacrificial altar of Ru.
    62 | D        | Found a stormy altar of Qazlal.
    62 | D        | Found an iron altar of Okawaru.
    62 | D        | Found a sparkling altar of Nemelex Xobeh.
    62 | D        | Found a burning altar of Makhleb.
    62 | D        | Found a blossoming altar of Fedhas.
    62 | D        | Found a white marble altar of Elyvilon.
    62 | D        | Found a shadowy altar of Dithmenos.
    62 | D        | Found a snail-covered altar of Cheibriados.
    64 | D        | Found a radiant altar of Vehumet.
    64 | D        | Found a corrupted altar of Lugonu.
    65 | D        | Found a hide-covered altar of Uskayaw.
    65 | D        | Found an ancient bone altar of Kikubaaqudgha.
    65 | D        | Found a broken altar of Ashenzari.
    69 | D        | Became a worshipper of Sif Muna the Loreminder
    82 | D        | Reached skill level 1 in Conjurations
    82 | D        | Reached skill level 3 in Earth Magic
    94 | D        | Reached * piety under Sif Muna
    97 | D        | Reached XP level 2. HP: 13/13 MP: 2/7
   664 | D        | Reached ** piety under Sif Muna
   888 | D        | Reached skill level 4 in Earth Magic
   942 | D        | Noticed a black bear
   959 | D        | Reached XP level 3. HP: 16/16 MP: 7/9
  1018 | D        | Killed a black bear
  1018 | D        | Reached *** piety under Sif Muna
  1019 | D        | Reached skill level 1 in Fighting
  1019 | D        | Reached skill level 5 in Spellcasting
  1019 | D        | Reached skill level 5 in Earth Magic
  1019 | D        | Reached XP level 4. HP: 21/23 MP: 6/12
  1072 | D        | Learned a level 3 spell: Stone Arrow
  1091 | D        | Reached skill level 5 in Stealth
  1097 | D        | Killed a scorpion
  1098 | D        | Reached XP level 5. HP: 27/27 MP: 4/14
  1257 | D        | Reached **** piety under Sif Muna
  1259 | D        | Reached skill level 6 in Earth Magic
  1644 | D        | Noticed an ogre
  1650 | D        | Killed an ogre
  1651 | D        | Reached XP level 6. HP: 32/32 MP: 9/16
  1807 | D        | Reached ***** piety under Sif Muna
  1808 | D        | Reached skill level 5 in Conjurations
  1808 | D        | Reached skill level 7 in Earth Magic
  1947 | D        | Noticed a water moccasin
  1965 | D        | Killed a water moccasin
  1965 | D        | Received a gift from Sif Muna
  1966 | D        | Got Sif Muna's Compilation of the Volcano and Conflict {god
                  | gift}
  2056 | D        | Learned a level 4 spell: Petrify
  2076 | D        | Noticed an orange demon
  2083 | D        | Reached skill level 5 in Short Blades
  2083 | D        | Reached skill level 1 in Necromancy
  2083 | D        | Reached skill level 1 in Alchemy
  2083 | D        | Reached XP level 7. HP: 37/37 MP: 2/18
  2083 | D        | Killed an orange demon
  2084 | D        | Reached skill level 8 in Earth Magic
  2084 | D        | Reached skill level 5 in Invocations
  2533 | D        | Noticed an efreet
  2556 | D        | Killed an efreet
  2557 | D        | Reached XP level 8. HP: 32/42 MP: 10/20
  2586 | D        | Noticed an ice devil
  2694 | D        | Killed an ice devil
  2695 | D        | Reached skill level 5 in Fighting
  2695 | D        | Reached skill level 9 in Earth Magic
  3001 | D        | Noticed a tarantella
  3055 | D        | Received a gift from Sif Muna
  3056 | D        | Got Jiheorch's Directory of Percussion and Sciomancy {god
                  | gift}
  3068 | D        | Learned a level 6 spell: Bombard
  3098 | D        | Noticed a lindwurm
  3102 | D        | HP: 2/43 [lindwurm/blast of flame (35)]
  3104 | D        | Killed a lindwurm
  3316 | D        | Noticed a hellwing
  3322 | D        | Reached skill level 5 in Alchemy
  3322 | D        | Reached XP level 9. HP: 47/47 MP: 18/22
  3364 | D        | Received a gift from Sif Muna
  3365 | D        | Reached skill level 10 in Earth Magic
  3365 | D        | Got Sif Muna's Volume of Fulgent Clouds {god gift}
  3703 | D        | Noticed an orc knight
  3704 | D        | Reached ****** piety under Sif Muna
  3814 | D        | Killed an orc knight
  3815 | D        | Reached skill level 5 in Necromancy
  4031 | D        | Killed a hellwing
  4287 | D        | Reached skill level 10 in Spellcasting
  4304 | D        | Received a gift from Sif Muna
  4305 | D        | Got Sif Muna's Almanac of the Compass {god gift}
  4480 | D        | Reached skill level 11 in Earth Magic
  4680 | D        | Noticed a deep troll
  4681 | D        | Noticed a rime drake
  4683 | D        | Noticed a sea snake
  4683 | D        | Noticed a merfolk avatar
  4683 | D        | Noticed a flayed ghost
  4688 | D        | Killed a deep troll
  4689 | D        | Reached XP level 10. HP: 41/51 MP: 13/25
  4689 | D        | Noticed a cyclops
  4690 | D        | Noticed a lindwurm
  4804 | D        | Noticed a harpy
  4808 | D        | Killed a harpy
  4826 | D        | Received a gift from Sif Muna
  4828 | D        | HP: 2/51 [cyclops/large rock (37)]
  5149 | D        | Killed a flayed ghost
  5175 | D        | Killed a merfolk avatar
  5176 | D        | Reached skill level 10 in Conjurations
  5176 | D        | Reached skill level 12 in Earth Magic
  5218 | D        | Killed a lindwurm
  5323 | D        | Killed a sea snake
  5849 | D        | Killed a cyclops
  6191 | D        | Got Sif Muna's Hermetics, Part Four {god gift}
  6204 | D        | Noticed a sea snake
  6211 | D        | Killed a sea snake
  6212 | D        | Reached XP level 11. HP: 55/55 MP: 27/27
  6221 | D        | Reached skill level 1 in Armour
  6225 | D        | Noticed a phantasmal warrior
  6237 | D        | Killed a phantasmal warrior
  6237 | D        | Received a gift from Sif Muna
  6238 | D        | Got Pekilarch's Catalogue of the Chill and the Snake {god
                  | gift}
  6606 | D        | Learned a level 5 spell: Irradiate
  6945 | D        | Noticed a deep elf pyromancer
  6952 | D        | Killed a deep elf pyromancer
  6953 | D        | Reached skill level 13 in Earth Magic
  6956 | D        | Incinerated by a deep elf pyromancer

Illustrated notes

Levels and vault maps discovered:
D:        pitsprint [storerooms_1, entrance_room_1, metal_vault_5, armoury_1,
          mini_pit_1, grid_room_1, main_hall_1, silver_pit, the_coven_3,
          the_vestibule_1, steel_vault_1, golden_pit, hallway_of_sentries,
          crystal_vault_6, iron_vault_4, final_vault]

Skill      XL: |  1  2  3  4  5  6  7  8  9 10 11 |
---------------+----------------------------------+-----
Conjurations   | 2 3 4 5 6 7 9 10 | 10.8
Earth Magic    | 3 4 5 6 7 8 9 11 12 13 | 13.0
Spellcasting   | 3 4 5 6 7 8 10 11 12 | 12.0
Fighting       | 1 2 3 4 5 |  5.5
Short Blades   | 2 3 5 |  5.9
Stealth        | 4 5 6 7 8 |  8.4
Invocations    | 2 3 4 5 6 7 9 |  9.3
Necromancy     | 1 3 4 6 7 |  7.6
Alchemy        | 1 3 5 6 8 |  8.9
Dodging        | 3 4 |  4.7
Armour         | 1 |  1.9

Action                     |  1- 3 |  4- 6 |  7- 9 | 10-12 || total
---------------------------+-------+-------+-------+-------++-------
  Melee: Dagger            |     7 |     1 |     1 |     4 ||    13
   Cast: Sandblast         |    25 |     4 |     3 |       ||    32
         Stone Arrow       |       |    25 |    75 |    54 ||   154
         Petrify           |       |       |       |     6 ||     6
 Invoke: Channel Magic     |       |       |     2 |     2 ||     4
    Use: Potion            |       |     4 |     3 |     4 ||    11
         Scroll            |       |       |       |     1 ||     1
   Stab: Sleeping          |     1 |       |       |     1 ||     2
         Petrified         |       |       |       |     3 ||     3
 Armour: Robe              |     7 |     9 |    11 |    13 ||    40
  Dodge: Dodged            |    21 |    12 |    25 |    10 ||    68
